 Dungeon Crawl Stone Soup version 0.27.1-33-g824d729ab1 (webtiles) character file.

Game seed: 8437625673919014919

231 Altran the Shield-Bearer (level 5, -1/46 HPs)
             Began as a Minotaur Fighter on Dec 11, 2021.
             Slain by Pikel (10 damage)
             ... on level 3 of the Dungeon.
             The game lasted 00:09:24 (3589 turns).

Altran the Shield-Bearer (Minotaur Fighter)         Turns: 3589, Time: 00:09:25

Health: -1/46      AC:  8    Str: 22    XL:     5   Next: 72%
Magic:  4/4        EV:  8    Int:  5    God:
Gold:   116        SH: 10    Dex:  9    Spells: 4/4 levels left

rFire    . . .     SeeInvis .   a - +0 trident
rCold    . . .     Faith    .   c - +0 kite shield
rNeg     . . .     Spirit   .   b - +0 scale mail
rPois    .         Reflect  .   (helmet restricted)
rElec    .         Harm     .   (no cloak)
rCorr    .         Rampage  .   f - +0 pair of gloves
Will     .....                  (no boots)
Stlth    ..........             (no amulet)
HPRegen  0.15/turn              (no ring)
MPRegen  0.09/turn              (no ring)

@: no status effects
A: horns 2, retaliatory headbutt
a: no special abilities


You were on level 3 of the Dungeon.
You visited 1 branch of the dungeon, and saw 4 of its levels.

You collected 116 gold pieces.

Inventory:

Hand Weapons
 a - a +0 trident (weapon)
Armour
 b - a +0 scale mail (worn)
 c - a +0 kite shield (worn)
 f - a +0 pair of gloves (worn)
Jewellery
 r - a ring of wizardry
Wands
 s - a wand of charming (6)
Scrolls
 e - 3 scrolls of blinking {unknown}
 g - a scroll of silence {unknown}
 h - a scroll of enchant weapon {unknown}
 k - a scroll of magic mapping {unknown}
 l - a scroll of enchant armour {unknown}
 m - 2 scrolls of fear {unknown}
 n - 2 scrolls of identify {unknown}
 p - 2 scrolls of summoning {unknown}
 t - a scroll of immolation {unknown}
Potions
 d - a potion of might
 i - a potion of curing {unknown}
 j - a potion of cancellation {unknown}
 o - 2 potions of haste
 q - a potion of heal wounds {unknown}
 u - a potion of degeneration {unknown}


   Skills:
 + Level 4.3 Fighting
 + Level 4.4 Polearms
 + Level 4.7 Armour
 + Level 1.0 Dodging
 + Level 5.4 Shields


You had 4 spell levels left.
You didn't know any spells.
Your spell library contained the following spells:

 Spells                   Type           Power      Damage    Failure   Level
 Freeze                   Ice            0%         1d3       99%         1
 Corpse Rot               Necr/Air       N/A        N/A       100%        2
 Passwall                 Tmut/Erth      0%         N/A       100%        2
 Frozen Ramparts          Ice            0%         1d2       100%        3
 Swiftness                Air            0%         N/A       100%        3
 Dispel Undead            Necr           0%         3d6       100%        4
 Hailstorm                Conj/Ice       0%         3d3       100%        4
 Death Channel            Necr           0%         N/A       100%        6
 Invisibility             Hex            0%         N/A       100%        6


Dungeon Overview and Level Annotations

Branches:
Dungeon (4/15)
 Temple: D:4-7

Altars:
Ashenzari
Qazlal

Annotations:
D:3 Pikel


Innate Abilities, Weirdness & Mutations

You have a pair of horns on your head.
You reflexively headbutt those who attack you in melee.


Message History

You puncture the lemure! Your headbutt misses the lemure.
The lemure is moderately wounded.
Pikel hits you with a +1 whip of flaming.
Pikel burns you.
A lemure comes into view.
You block the lemure's attack. You block the hobgoblin's attack.
You miss the lemure.
The lemure is moderately wounded.
The lemure shouts!
Pikel hits you with a +1 whip of flaming.
Pikel burns you. You block the lemure's attack.
The hobgoblin hits you but does no damage.
Pikel hits you with a +1 whip of flaming.
Pikel burns you. You block the lemure's attack.
The hobgoblin hits you but does no damage.
Pikel closely misses you. You furiously retaliate!
You headbutt Pikel. The lemure hits you but does no damage.
You climb upwards.
There is a stone staircase leading down here.
You are too injured to fight recklessly!
You are too injured to fight recklessly!
You are too injured to fight recklessly!
You are too injured to fight recklessly!
You are too injured to fight recklessly!
You are too injured to fight recklessly!
You closely miss the hobgoblin. You block the hobgoblin's attack.
The lemure hits you.
You hit the hobgoblin. You headbutt the hobgoblin.
You kill the hobgoblin!
The lemure hits you.
You closely miss Pikel. Your headbutt misses Pikel.
Pikel hits you with a +1 whip of flaming.
* * * LOW HITPOINT WARNING * * *
Pikel burns you.
* * * LOW HITPOINT WARNING * * *
The lemure hits you but does no damage.
You puncture Pikel!
Pikel is moderately wounded.
Pikel hits you with a +1 whip of flaming!
You die...

##.8.8.8.8.##
##.#...#.##
##.....#######
#####...##......
##.#.##'##..#####
##.#..##.##..#
##.###........#
#K## ##.......#
##@###.####...#
##5#.## #.###
##.## #.# #.# #.#
####.# #.#
##.##.# #.#
##.#.#.# #.#
#.###..# #.#
##.#.### #.#


You could see Pikel and a lemure.

Vanquished Creatures
  A lemure (D:3)
  A hound (D:4)
  Terence (D:3)
  Ijyb (D:3)
  5 adders
  A worm (D:2)
  A dart slug (D:1)
  5 orcs
  3 ball pythons
  2 endoplasms
  2 giant cockroaches (D:1)
  19 goblins
  8 hobgoblins
  9 jackals
  10 kobolds
  6 quokkas
  5 bats
  2 frilled lizards
  7 rats
89 creatures vanquished.

Notes
Turn   | Place    | Note
-------+----------+-------------------------------------------
     0 | D:1      | Altran the Minotaur Fighter began the quest for the Orb.
     0 | D:1      | Reached XP level 1. HP: 19/19 MP: 0/0
   232 | D:1      | Reached XP level 2. HP: 26/27 MP: 1/1
   422 | D:1      | Reached skill level 4 in Shields
  1214 | D:2      | Reached XP level 3. HP: 33/33 MP: 2/2
  1226 | D:2      | Found a faded altar of an unknown god.
  1277 | D:2      | Found a broken altar of Ashenzari.
  1589 | D:2      | Reached XP level 4. HP: 40/40 MP: 3/3
  2409 | D:3      | Found a stormy altar of Qazlal.
  2436 | D:3      | Noticed Terence
  2441 | D:3      | Killed Terence
  2442 | D:3      | Reached skill level 5 in Shields
  2656 | D:3      | Reached XP level 5. HP: 46/46 MP: 4/4
  2844 | D:4      | Noticed a necrophage
  2955 | D:3      | Noticed Ijyb
  2969 | D:3      | Killed Ijyb
  2970 | D:3      | Reached skill level 1 in Dodging
  3258 | D:4      | Noticed an ice beast
  3547 | D:4      | Noticed a lemure
  3548 | D:4      | Noticed a lemure
  3548 | D:4      | Noticed a lemure
  3548 | D:4      | Noticed Pikel
  3573 | D:3      | Killed a lemure
  3582 | D:4      | Noticed a lemure
  3589 | D:3      | Slain by Pikel

Illustrated notes

Levels and vault maps discovered:
D:1:      minmay_arrival_stair_chambers, layout_basic
D:2:      layout_basic, ebering_ecumenical_altar_hall, basic_altar
D:3:      kennysheep_goblin_castle, layout_loops_ring,
          nicolae_qazlal_eye_of_the_storm, dk_noncrumbling_3, uniq_terence
D:4:      layout_basic, nicolae_dithmenos_the_darkroom, lemuel_tele_altar,
          uniq_pikel

Skill      XL: |  1  2  3  4  5 |
---------------+----------------+-----
Armour         | 4 |  4.7
Shields        | 4 5 |  5.4
Polearms       | 3 4 |  4.4
Fighting       | 4 |  4.3
Dodging        | 1 |  1.0

Action                   |  1- 3 |  4- 6 || total
-------------------------+-------+-------++-------
Melee: Trident           |   124 |   145 ||   269
       Headbutt          |    12 |    18 ||    30
Armor: Scale mail        |    43 |    39 ||    82
Dodge: Dodged            |    24 |    43 ||    67
Block: Kite shield       |    55 |    76 ||   131
